 Dungeon Crawl Stone Soup version 0.24-a0-282-g1a68c91 (webtiles) character file.

Game seed: 479184871820627058

18 Hylith the Ruffian (level 2, -1/23 HPs)
             Began as a Draconian Transmuter on May 3, 2019.
             Slain by Sigmund
             ... wielding a +2 scythe of venom
              (15 damage)
             ... on level 2 of the Dungeon.
             The game lasted 00:02:27 (838 turns).

Hylith the Ruffian (Draconian Transmuter)            Turns: 838, Time: 00:02:28

Health: -1/23      AC:  4    Str: 12    XL:     2   Next: 51%
Magic:  4/5        EV: 12    Int: 13    God:
Gold:   82         SH:  0    Dex: 11    Spells: 4/5 levels left

rFire    . . .     SeeInvis .   e - +1 mace (crush)
rCold    . . .     Gourm    .   (no shield)
rNeg     . . .     Faith    .   (armour unavailable)
rPois    .         Spirit   .   (helmet restricted)
rElec    .         Reflect  .   (no cloak)
rCorr    .         Harm     .   (no gloves)
MR       .....                  (no boots)
Stlth    +.........             (no amulet)
HPRegen  0.07/turn              (no ring)
MPRegen  0.09/turn              (no ring)

@: lethally poisoned (-1 -> -16), appendage (expiring)
A: unfitting armour, horns 2, cold-blooded, AC +4
a: End Transformation


You were on level 2 of the Dungeon.
You were not hungry.
You had grown temporary horns.
You visited 1 branch of the dungeon, and saw 2 of its levels.

You collected 82 gold pieces.

Inventory:

Hand Weapons
 e - a +1 mace of crushing (weapon)
Missiles
 a - 12 arrows
Scrolls
 b - a scroll of enchant armour {unknown}
 f - a scroll of identify {unknown}
 g - a scroll of amnesia {unknown}
Potions
 h - 2 potions of flight {unknown}
 i - a potion of degeneration {unknown}
Comestibles
 c - a ration


   Skills:
 + Level 1.5 Fighting
 - Level 2.0 Dodging
 - Level 3.1 Unarmed Combat
 + Level 2.2 Spellcasting
 + Level 2.3 Transmutations


You had 4 spell levels left.
You knew the following spells:

 Your Spells              Type           Power        Failure   Level  Hunger
a - Beastly Appendage     Tmut           #.....       10%         1    ##.....

Your spell library contained the following spells:

 Spells                   Type           Power        Failure   Level  Hunger
 Sticks to Snakes         Tmut           #.......     14%         2    ###....
 Spider Form              Tmut/Pois      #.........   41%         3    ####...
 Ice Form                 Ice/Tmut       #.......     83%         4    #####..
 Blade Hands              Tmut           #.........   95%         5    ######.


Dungeon Overview and Level Annotations

Branches:
Dungeon (2/15)

Altars:

Annotations:
D:2 Sigmund


Innate Abilities, Weirdness & Mutations

Your plain brown scales are hard. (AC +4)
You cannot fit into any form of body armour.
You are cold-blooded and may be slowed by cold attacks.
You have a pair of horns on your head.


Message History

Sigmund barely misses you.
You hit Sigmund. Your headbutt misses Sigmund.
Sigmund is moderately wounded.
Sigmund hits you with a +2 scythe of venom.
You are poisoned.
You hit Sigmund.
Sigmund is heavily wounded.
Your transformation is almost over.
You feel sick. Sigmund hits you but does no damage.
You closely miss Sigmund. You punch Sigmund, but do no damage.
Sigmund is heavily wounded.
Sigmund laughs darkly.
Sigmund hits you with a +2 scythe of venom.
You are lethally poisoned!
You hit Sigmund but do no damage. You tail-slap Sigmund.
Sigmund is severely wounded.
You feel sick.
Sigmund hits you with a +2 scythe of venom!
Ouch! That really hurt!
You die...

# ....
#%####..#
#.#......
##.#.##..
#....!...
#...r##.#
#...@##.#
#...#.#.#@# #.
..###@.# #.#
##.## ## ##.#
#.# ##.##
#.###..########
#..#......>....
#<....########
##...##


You could see Sigmund.

Vanquished Creatures
  A dart slug (D:1)
  A leopard gecko (D:1)
  2 bats (D:1)
  2 hobgoblins (D:1)
  3 jackals (D:1)
  4 kobolds (D:1)
  2 rats (D:1)
15 creatures vanquished.

Notes
Turn   | Place    | Note
-------+----------+-------------------------------------------
     0 | D:1      | Hylith the Draconian Transmuter began the quest for the
                  | Orb.
     0 | D:1      | Reached XP level 1. HP: 16/16 MP: 3/3
   259 | D:1      | Reached XP level 2. HP: 23/23 MP: 5/5
   827 | D:2      | Noticed Sigmund
   838 | D:2      | Slain by Sigmund

Levels and vault maps discovered:
D:1:      lemuel_arrival_river_ford, layout_basic, grunt_decor_clamped,
          roderic_lattice_a
D:2:      layout_loops_ring, chequers_temple_overflow_minitemple,
          gammafunk_temple_overflow_forgotten,
          chequers_ecumenical_altar_simple_redux, grunt_ministairs_11,
          st_stairs_5, minmay_pentomino_v2, uniq_sigmund, uniq_jessica

Skill      XL: |  1  2 |
---------------+-------+-----
Dodging        | 2 |  2.0
Fighting       | |  1.5
Unarmed Combat | |  3.1
Spellcasting   | |  2.2
Transmutations | |  2.3

Action                   || total
-------------------------++-------
Melee: Unarmed           ||     8
       Mace              ||    40
       Tailslap          ||     5
       Punch             ||     1
 Cast: Beastly Appendage ||     1
Armor: Skin              ||    17
Dodge: Dodged            ||    48

Table legend:
 A = Non-vault XP
 B = Vault XP
 C = Vault XP percentage of total XP
 D = Non-vault monster count
 E = Vault monster count
 F = Vault count percentage of total count
                 A         B        C        D         E       F
            +---------+---------+-------+---------+---------+-------
      Total |      27 |       0 |   0.0 |      15 |       0 |   0.0
            +---------+---------+-------+---------+---------+-------
        D:1 |      27 |       0 |   0.0 |      15 |       0 |   0.0
            +---------+---------+-------+---------+---------+-------
